TOP OF THE 1ST |
---|
Florida State Seminoles batting - Pitching for Alabama Crimson Tide : RHP Charlie Willis | Pitching: RHP Charlie Willis | | Batting: LHB Connor Moss | 0-0: Ball 1-0: Called Strike 1-1: Called Strike 1-2: Ball 2-2: Strikes out swinging | Batting: RHB Bill Rice | 0-0: Ball 1-0: Ball 2-0: Called Strike 2-1: Ball 3-1: Ground out 6-3 (Groundball, 6) | Batting: LHB Paul Cotton | 0-0: Ball 1-0: Called Strike 1-1: Foul Ball, location: 2F 1-2: Ball 2-2: Strikes out swinging | Top of the 1st over - 0 runs, 0 hits, 0 errors, 0 left on base; Florida State 0 - Alabama 0 | BOTTOM OF THE 1ST |
---|
Alabama Crimson Tide batting - Pitching for Florida State Seminoles : RHP Juan Negrón | Pitching: RHP Juan Negrón | | Batting: SHB Bobby Riggs | 0-0: Ball 1-0: Swinging Strike 1-1: Ground out 6-3 (Groundball, 6M) | Batting: SHB John Fullerton | 0-0: Fly out, F4 (Line Drive, 4) | Batting: LHB Steve Woods | 0-0: Ball 1-0: Called Strike 1-1: Ball 2-1: Called Strike 2-2: Ball 3-2: Ground out 5-3 (Groundball, 56D) | Bottom of the 1st over - 0 runs, 0 hits, 0 errors, 0 left on base; Florida State 0 - Alabama 0 | TOP OF THE 2ND |
---|
Florida State Seminoles batting - Pitching for Alabama Crimson Tide : RHP Charlie Willis | Batting: LHB Jeff Stevens | 0-0: Ball 1-0: Ball 2-0: Called Strike 2-1: Fly out, F8 (Line Drive, 8RD) | Batting: RHB Tristan Dean | 0-0: Ball 1-0: Ball 2-0: Foul Ball, location: 2F 2-1: SINGLE (Flyball, 9LS) | Batting: LHB Millard Myers | 0-0: Reached on error, E5 (Groundball, 56) Tristan Dean to second | Batting: RHB Mark Willis | 0-0: Ball 1-0: Ball 2-0: Ball 3-0: Base on Balls Tristan Dean to third Millard Myers to second | Batting: RHB Harry Ray | 0-0: GRAND SLAM HOME RUN (Flyball, 9D), Distance : 353 ft | Batting: RHB Victor Whitfield | 0-0: Ground out 4-3 (Groundball, 4) | Pitching: RHP Alfonso Sánchez | | Batting: LHB Connor Moss | 0-0: Ball 1-0: Ball 2-0: Ball 3-0: Base on Balls | Batting: RHB Bill Rice | 0-0: Called Strike 0-1: Swinging Strike 0-2: SINGLE (Groundball, 6S) (infield hit) Connor Moss to second | Batting: LHB Paul Cotton | 0-0: Called Strike 0-1: Ball 1-1: Swinging Strike 1-2: Strikes out swinging | Top of the 2nd over - 4 runs, 3 hits, 1 error, 2 left on base; Florida State 4 - Alabama 0 | BOTTOM OF THE 2ND |
---|
Alabama Crimson Tide batting - Pitching for Florida State Seminoles : RHP Juan Negrón | Batting: RHB Jason Carr | 0-0: Ball 1-0: Foul Ball, location: 2F 1-1: Swinging Strike 1-2: Ball 2-2: Strikes out swinging | Batting: LHB Steve Blankenship | 0-0: Ball 1-0: Ball 2-0: Called Strike 2-1: Fly out, F7 (Flyball, 7LM) | Batting: LHB Clarence Bowen | 0-0: Called Strike 0-1: Foul Ball, location: 2F 0-2: Ball 1-2: Ground out U3 (Groundball, 34S) | Bottom of the 2nd over - 0 runs, 0 hits, 0 errors, 0 left on base; Florida State 4 - Alabama 0 | TOP OF THE 3RD |
---|
Florida State Seminoles batting - Pitching for Alabama Crimson Tide : RHP Alfonso Sánchez | Batting: LHB Jeff Stevens | 0-0: Foul Ball, location: 2F 0-1: Ball 1-1: Ground out U3 (Groundball, 3) | Batting: RHB Tristan Dean | 0-0: Fly out, F7 (Flyball, 78D) | Batting: LHB Millard Myers | 0-0: Ball 1-0: Swinging Strike 1-1: Swinging Strike 1-2: Strikes out swinging | Top of the 3rd over - 0 runs, 0 hits, 0 errors, 0 left on base; Florida State 4 - Alabama 0 | BOTTOM OF THE 3RD |
---|
Alabama Crimson Tide batting - Pitching for Florida State Seminoles : RHP Juan Negrón | Batting: RHB Shannon Watson | 0-0: Ball 1-0: Fly out, F6 (Popup, 6M) | Batting: SHB Dave Wilson | 0-0: Called Strike 0-1: Swinging Strike 0-2: Ground out 5-3 (Groundball, 5) | Batting: RHB Alfredo Bernard | 0-0: Swinging Strike 0-1: Ball 1-1: Swinging Strike 1-2: Ball 2-2: Ball 3-2: Foul Ball, location: 2F 3-2: Foul Ball, location: 2F 3-2: Strikes out looking | Bottom of the 3rd over - 0 runs, 0 hits, 0 errors, 0 left on base; Florida State 4 - Alabama 0 | TOP OF THE 4TH |
---|
Florida State Seminoles batting - Pitching for Alabama Crimson Tide : RHP Alfonso Sánchez | Batting: RHB Mark Willis | 0-0: Fly out, F6 (Popup, P) | Batting: RHB Harry Ray | 0-0: Called Strike 0-1: Ball 1-1: Ground out 1-3 (Groundball, 15) | Batting: RHB Victor Whitfield | 0-0: Ball 1-0: Ground out 4-3 (Groundball, 4) | Top of the 4th over - 0 runs, 0 hits, 0 errors, 0 left on base; Florida State 4 - Alabama 0 | BOTTOM OF THE 4TH |
---|
Alabama Crimson Tide batting - Pitching for Florida State Seminoles : RHP Juan Negrón | Batting: SHB Bobby Riggs | 0-0: Ball 1-0: Ball 2-0: Swinging Strike 2-1: Fly out, F6 (Line Drive, 6) | Batting: SHB John Fullerton | 0-0: Ball 1-0: Ball 2-0: Called Strike 2-1: Foul Ball, location: 2F 2-2: Strikes out swinging | Batting: LHB Steve Woods | 0-0: Foul Ball, location: 2F 0-1: Foul Ball, location: 2F 0-2: Ball 1-2: Fly out, F9 (Flyball, 9S) | Bottom of the 4th over - 0 runs, 0 hits, 0 errors, 0 left on base; Florida State 4 - Alabama 0 | TOP OF THE 5TH |
---|
Florida State Seminoles batting - Pitching for Alabama Crimson Tide : RHP Alfonso Sánchez | Batting: LHB Connor Moss | 0-0: Ball 1-0: Ball 2-0: Ball 3-0: Called Strike 3-1: Base on Balls | Batting: RHB Bill Rice | 0-0: Ball 1-0: Swinging Strike 1-1: Swinging Strike 1-2: Strikes out swinging | Batting: LHB Paul Cotton | 0-0: Swinging Strike 0-1: Swinging Strike 0-2: Ball 1-2: Ball 2-2: Ball 3-2: Base on Balls Connor Moss to second | Batting: LHB Jeff Stevens | 0-0: Ball 1-0: Ball 2-0: Called Strike 2-1: Foul Ball, location: 2F 2-2: Ball 3-2: Strikes out swinging | Batting: RHB Tristan Dean | 0-0: Called Strike 0-1: Ball 1-1: Ground out 4-3 (Groundball, 4) | Top of the 5th over - 0 runs, 0 hits, 0 errors, 2 left on base; Florida State 4 - Alabama 0 | BOTTOM OF THE 5TH |
---|
Alabama Crimson Tide batting - Pitching for Florida State Seminoles : RHP Juan Negrón | Batting: RHB Jason Carr | 0-0: Ball 1-0: Foul Ball, location: 2F 1-1: Ball 2-1: Swinging Strike 2-2: SINGLE (Line Drive, 56D) | Batting: LHB Steve Blankenship | 0-0: Called Strike 0-1: Foul Ball, location: 2F 0-2: Ball 1-2: Grounds into double play, 4-6-3 (Groundball, 4) | Batting: LHB Clarence Bowen | 0-0: Ball 1-0: Fly out, F7 (Flyball, 78M) | Bottom of the 5th over - 0 runs, 1 hit, 0 errors, 0 left on base; Florida State 4 - Alabama 0 | TOP OF THE 6TH |
---|
Florida State Seminoles batting - Pitching for Alabama Crimson Tide : RHP Alfonso Sánchez | Batting: LHB Millard Myers | 0-0: Called Strike 0-1: Called Strike 0-2: Strikes out swinging | Batting: RHB Mark Willis | 0-0: Called Strike 0-1: Ground out 5-3 (Groundball, 56S) | Batting: RHB Harry Ray | 0-0: Swinging Strike 0-1: Swinging Strike 0-2: Ball 1-2: Strikes out looking | Top of the 6th over - 0 runs, 0 hits, 0 errors, 0 left on base; Florida State 4 - Alabama 0 | BOTTOM OF THE 6TH |
---|
Alabama Crimson Tide batting - Pitching for Florida State Seminoles : RHP Juan Negrón | Batting: RHB Shannon Watson | 0-0: Ball 1-0: Called Strike 1-1: Swinging Strike 1-2: SINGLE (Flyball, 89S) | Batting: SHB Dave Wilson | 0-0: Foul Ball, location: 2F 0-1: Ball 1-1: Foul Ball, location: 2F 1-2: Ball 2-2: Ball 3-2: Grounds into double play, U3-6 (Groundball, 3L) | Batting: RHB Alfredo Bernard | 0-0: Foul Ball, location: 2F 0-1: Foul Ball, location: 2F 0-2: Ball 1-2: Strikes out looking | Bottom of the 6th over - 0 runs, 1 hit, 0 errors, 0 left on base; Florida State 4 - Alabama 0 | TOP OF THE 7TH |
---|
Florida State Seminoles batting - Pitching for Alabama Crimson Tide : RHP Alfonso Sánchez | Pitching: RHP Norberto Romero | | Batting: RHB Victor Whitfield | 0-0: Foul Ball, location: 2F 0-1: Ball 1-1: Ball 2-1: Foul Ball, location: 2F 2-2: Foul Ball, location: 2F 2-2: Ball 3-2: Base on Balls | Batting: LHB Connor Moss | 0-0: Ball 1-0: Foul Ball, location: 2F 1-1: Ball 2-1: Fly out, F6 (Popup, 6) | Batting: RHB Bill Rice | 0-0: Swinging Strike Victor Whitfield is caught stealing 2nd base 0-1: Ball 1-1: Ball 2-1: Ball 3-1: Foul Ball, location: 2F 3-2: Strikes out swinging | Top of the 7th over - 0 runs, 0 hits, 0 errors, 0 left on base; Florida State 4 - Alabama 0 | BOTTOM OF THE 7TH |
---|
Alabama Crimson Tide batting - Pitching for Florida State Seminoles : RHP Juan Negrón | Batting: SHB Bobby Riggs | 0-0: Foul Ball, location: 2F 0-1: Swinging Strike 0-2: Fly out, F9 (Flyball, 9) | Batting: SHB John Fullerton | 0-0: Ball 1-0: Ground out 4-3 (Groundball, 4) | Batting: LHB Steve Woods | 0-0: Ball 1-0: Swinging Strike 1-1: Called Strike 1-2: Foul Ball, location: 2F 1-2: Foul Ball, location: 2F 1-2: Strikes out swinging | Bottom of the 7th over - 0 runs, 0 hits, 0 errors, 0 left on base; Florida State 4 - Alabama 0 | TOP OF THE 8TH |
---|
Florida State Seminoles batting - Pitching for Alabama Crimson Tide : RHP Norberto Romero | Batting: LHB Paul Cotton | 0-0: Ball 1-0: Foul Ball, location: 2F 1-1: Ball 2-1: Foul Ball, location: 2F 2-2: Ball 3-2: Base on Balls | Batting: LHB Jeff Stevens | 0-0: Called Strike 0-1: Foul Ball, location: 2F 0-2: Ball 1-2: Ball 2-2: Ball 3-2: Foul Ball, location: 2F 3-2: Grounds into double play, 6-4-3 (Groundball, 6M) | Batting: RHB Tristan Dean | 0-0: Ball 1-0: Foul Ball, location: 2F 1-1: Called Strike 1-2: Ball 2-2: Ball 3-2: SINGLE (Line Drive, 8RS) | Batting: LHB Millard Myers | 0-0: Ball 1-0: Swinging Strike 1-1: Foul Ball, location: 2F 1-2: Ball 2-2: Ball 3-2: Strikes out swinging | Top of the 8th over - 0 runs, 1 hit, 0 errors, 1 left on base; Florida State 4 - Alabama 0 | BOTTOM OF THE 8TH |
---|
Alabama Crimson Tide batting - Pitching for Florida State Seminoles : RHP Juan Negrón | Pitching: RHP Mike Sherman | | Batting: RHB Jason Carr | 0-0: Ground out 6-3 (Groundball, 6) | Batting: LHB Steve Blankenship | 0-0: Ground out 3-1 (Groundball, 34) | Batting: LHB Clarence Bowen | 0-0: Fly out, F8 (Line Drive, 8RM) | Bottom of the 8th over - 0 runs, 0 hits, 0 errors, 0 left on base; Florida State 4 - Alabama 0 | TOP OF THE 9TH |
---|
Florida State Seminoles batting - Pitching for Alabama Crimson Tide : RHP Norberto Romero | Batting: RHB Mark Willis | 0-0: Ball 1-0: Ball 2-0: Called Strike 2-1: SINGLE (Flyball, 78S) | Batting: RHB Harry Ray | 0-0: Sac Bunt - play at first, batter OUT! 5-3 Mark Willis to second | Batting: RHB Victor Whitfield | 0-0: Swinging Strike 0-1: Ball 1-1: Ball 2-1: Foul Ball, location: 2F 2-2: Ball 3-2: Strikes out swinging | Batting: LHB Connor Moss | 0-0: Called Strike 0-1: Swinging Strike 0-2: Foul Ball, location: 2F 0-2: Ball 1-2: Foul Ball, location: 2F 1-2: Strikes out looking | Top of the 9th over - 0 runs, 1 hit, 0 errors, 1 left on base; Florida State 4 - Alabama 0 | BOTTOM OF THE 9TH |
---|
Alabama Crimson Tide batting - Pitching for Florida State Seminoles : RHP Mike Sherman | Batting: RHB Shannon Watson | 0-0: Ball 1-0: Ball 2-0: Ball 3-0: Called Strike 3-1: Base on Balls | Batting: SHB Dave Wilson | 0-0: Called Strike 0-1: Ball 1-1: Foul Ball, location: 2F 1-2: Ball 2-2: Foul Ball, location: 2F 2-2: Ball 3-2: Strikes out swinging | Batting: RHB Alfredo Bernard | 0-0: Ball 1-0: Ball 2-0: Foul Ball, location: 2F 2-1: SINGLE (Groundball, 3) (infield hit) Shannon Watson to second | Pitching: LHP Rubén López | | Batting: SHB Bobby Riggs | 0-0: Called Strike 0-1: Ball 1-1: Swinging Strike 1-2: Ball 2-2: Foul Ball, location: 2F 2-2: Strikes out swinging | Batting: SHB John Fullerton | 0-0: Ball 1-0: Swinging Strike 1-1: Foul Ball, location: 2F 1-2: Strikes out looking | Bottom of the 9th over - 0 runs, 1 hit, 0 errors, 2 left on base; Florida State 4 - Alabama 0 | |